 Dungeon Crawl Stone Soup version 0.24-a0-342-gad4687c (webtiles) character file.

Game seed: 5321343344266528605

8312 AlmondAAA the Magician (level 11, -4/81 HPs)
             Began as a Gnoll Air Elementalist on May 22, 2019.
             Was a Follower of Uskayaw.
             Slain by an elephant (15 damage)
             ... on level 1 of the Lair of Beasts.
             The game lasted 00:23:29 (8396 turns).

AlmondAAA the Magician (Gnoll Air Elementalist)     Turns: 8396, Time: 00:23:29

Health: -4/81      AC: 10    Str: 11    XL:     11   Next: 28%
Magic:  0/22       EV: 15    Int: 21    God:    Uskayaw [*.....]
Gold:   484        SH:  0    Dex: 15    Spells: 15/25 levels left

rFire    . . .     SeeInvis +   u - +2 dagger (venom)
rCold    + . .     Gourm    .   (no shield)
rNeg     . . .     Faith    +   g - +2 ring mail {rC+}
rPois    .         Spirit   .   (no helmet)
rElec    .         Reflect  .   x - +0 cloak
rCorr    .         Harm     .   o - +0 pair of gloves
MR       .....                  (no boots)
Stlth    +++.......             p - amulet of faith
HPRegen  0.23/turn              h - ring of see invisible
MPRegen  0.18/turn              (no ring)

@: no status effects
A: distributed training, fangs 1, strong nose
a: Stomp, Renounce Religion


You were on level 1 of the Lair of Beasts.
You worshipped Uskayaw.
Uskayaw was noncommittal.
You were not hungry.

You visited 3 branches of the dungeon, and saw 11 of its levels.

You collected 484 gold pieces.

Inventory:

Hand Weapons
 m - a +3 flail of holy wrath
 t - a +0 vampiric dagger
 u - a +2 dagger of venom (weapon)
Missiles
 i - 350 stones
 w - 8 curare-tipped darts (quivered)
 y - 5 atropa-tipped darts
 I - 6 poisoned darts
Armour
 e - a +0 leather armour
 g - a +2 ring mail of cold resistance (worn)
 o - a +0 pair of gloves (worn)
 x - a +0 cloak (worn)
 C - a +0 robe of magic resistance
Jewellery
 h - a ring of see invisible (left hand)
 p - an amulet of faith (around neck)
 q - an uncursed amulet of regeneration
Wands
 r - a wand of digging (9)
 D - a wand of paralysis (21)
Scrolls
 a - a scroll of blinking
 j - a scroll of magic mapping
 k - 4 scrolls of teleportation
 l - 5 scrolls of remove curse
 n - 2 scrolls of amnesia
 v - a scroll of fog
 z - a scroll of immolation
 B - a scroll of random uselessness
 G - 2 scrolls of identify
 H - a scroll of brand weapon {unknown}
Potions
 b - a potion of cancellation
 d - 2 potions of berserk rage
 f - 3 potions of curing
 s - 2 potions of heal wounds
 A - 2 potions of flight {unknown}
 E - a potion of brilliance {unknown}
Comestibles
 c - 18 rations
 F - 3 chunks of flesh


   Skills:
 + Level 6.0 Fighting
 + Level 6.0 Short Blades
 + Level 6.0 Long Blades
 + Level 6.0 Axes
 + Level 6.0 Maces & Flails
 + Level 6.0 Polearms
 + Level 6.0 Staves
 + Level 6.0 Slings
 + Level 6.0 Bows
 + Level 6.0 Crossbows
 + Level 6.0 Throwing
 + Level 6.0 Armour
 + Level 7.6 Dodging
 + Level 7.4 Stealth
 + Level 6.0 Shields
 + Level 6.0 Unarmed Combat
 + Level 7.9 Spellcasting
 + Level 5.5 Conjurations
 + Level 5.0 Hexes
 + Level 5.0 Charms
 + Level 5.0 Summonings
 + Level 5.0 Necromancy
 + Level 5.0 Translocations
 + Level 5.0 Transmutations
 + Level 5.0 Fire Magic
 + Level 5.0 Ice Magic
 + Level 7.5 Air Magic
 + Level 5.0 Earth Magic
 + Level 5.0 Poison Magic
 + Level 6.6 Invocations
 + Level 6.0 Evocations


You had 15 spell levels left.
You knew the following spells:

 Your Spells              Type           Power        Failure   Level  Hunger
a - Shock                 Conj/Air       ####         1%          1    None
b - Swiftness             Chrm/Air       ####....     1%          2    None
c - Static Discharge      Conj/Air       #####...     3%          3    None
d - Airstrike             Air            #####.....   8%          4    ###....

Your spell library contained the following spells:

 Spells                   Type           Power        Failure   Level  Hunger
 Corona                   Hex            ####...      2%          1    None
 Slow                     Hex            ####....     3%          2    None
 Inner Flame              Hex/Fire       ####....     6%          3    None
 Portal Projectile        Hex/Tloc       ####..       6%          3    None
 Cause Fear               Hex            ####......   22%         4    ###....
 Leda's Liquefaction      Hex/Erth       ####......   22%         4    ###....
 Lightning Bolt           Conj/Air       #####.....   32%         5    #####..


Dungeon Overview and Level Annotations

Branches:
Dungeon (9/15)             Temple (1/1) D:4            Lair (1/6) D:8
    Orc: D:9-12

Altars:
Cheibriados
Fedhas
Hepliaklqana
Kikubaaqudgha
Makhleb
Okawaru
Qazlal
Ru
Sif Muna
Trog
Uskayaw
Wu Jian
Xom
Yredelemnul
Zin

Shops:
D:7 (

Annotations:
D:6 2 transporters, Ixiat's ghost, novice DsBe
D:9 2 runed translucent doors, exclusion: orange crystal statue


Innate Abilities, Weirdness & Mutations

Your experience applies equally to all skills.
You have very sharp teeth.
Your uncanny sense of smell can sniff out nearby items.


Message History

You stumble backwards!
Unknown command.
The elephant barely misses you. The elephant completely misses you.
Unknown command.
You see here an elephant corpse.
Okay, then.
Aiming: Line Pass
Press: ? - help, Dir - move target cursor The elephant appears confused.
You feel somewhat more hungry.
Unknown command.
The elephant tramples you.
* * * LOW HITPOINT WARNING * * *
You stumble backwards!
You can no longer pass through a line of other dancers.
Unknown command.
You hit the elephant but do no damage.
The elephant is poisoned.
You bite the elephant, but do no damage.
The elephant is moderately wounded.
The elephant seems less confused.
The elephant tramples you!
You die...

##. ...... #...#
..... .. ##...
..#.# ##...
#...###.#.##.....#
##...............#
#.................
#P................
##................
#<.....@†......#
#.......Y†.....#
#÷.######.###...
#..#####..###..#
##..##>.........#
#...........##....
##..##......# ∆ #.
#..##......#
#..##.######


You could see an elephant.

Vanquished Creatures
  4 elephants (Lair:1)
  A gargoyle (D:8)
  Prince Ribbit (D:7)
  4 hippogriffs
  Sigmund (D:6)
  4 hogs
  A basilisk (D:8)
  A human (D:7)
  2 water moccasins
  A porcupine (D:8)
  3 orc warriors
  A sky beast (D:9)
  An ice beast (D:5)
  A phantom (D:6)
  5 ogres
  4 black bears
  An eye of draining (D:9)
  3 slaves (D:8)
  3 crocodiles (D:8)
  2 big kobolds (D:8)
  6 bullfrogs
  2 jellies
  4 scorpions
  3 killer bees (D:8)
  8 wights
  4 crimson imps
  2 howler monkeys
  A centaur zombie (D:7)
  3 hounds
  A centaur skeleton (D:5)
  Ijyb (D:4)
  5 orc priests
  2 iguanas (D:9)
  3 worker ants
  20 orc wizards
  A hound skeleton (D:4)
  A worker ant zombie (D:6)
  6 gnolls
  8 adders
  A shadow imp (D:5)
  2 oozes
  2 worms
  4 leopard geckos
  56 orcs
  2 ball pythons
  4 giant cockroaches
  8 goblins
  7 hobgoblins
  13 jackals
  5 quokkas
  10 bats
  2 frilled lizards
  A jackal skeleton (D:9)
  23 kobolds
  7 rats
  A plant (D:8)
273 creatures vanquished.

Vanquished Creatures (others)
  5 dream sheep (D:9)
  An orc (D:9)
  2 fungi (D:8)
  6 plants (D:8)
14 creatures vanquished.

Grand Total: 287 creatures vanquished

Notes
Turn   | Place    | Note
-------+----------+-------------------------------------------
     0 | D:1      | AlmondAAA the Gnoll Air Elementalist began the quest for
                  | the Orb.
     0 | D:1      | Reached XP level 1. HP: 13/13 MP: 6/6
   124 | D:1      | Reached XP level 2. HP: 20/20 MP: 2/7
   490 | D:1      | Reached XP level 3. HP: 25/25 MP: 7/9
   577 | D:1      | Reached skill level 5 in Spellcasting
  1112 | D:2      | Found a blossoming altar of Fedhas.
  1229 | D:2      | Reached skill level 1 in Invocations
  1603 | D:3      | Reached skill level 1 in Fighting
  1603 | D:3      | Reached skill level 1 in Short Blades
  1603 | D:3      | Reached skill level 1 in Long Blades
  1603 | D:3      | Reached skill level 1 in Axes
  1603 | D:3      | Reached skill level 1 in Maces & Flails
  1603 | D:3      | Reached skill level 1 in Polearms
  1603 | D:3      | Reached skill level 1 in Staves
  1603 | D:3      | Reached skill level 1 in Slings
  1603 | D:3      | Reached skill level 1 in Bows
  1603 | D:3      | Reached skill level 1 in Crossbows
  1603 | D:3      | Reached skill level 1 in Throwing
  1603 | D:3      | Reached skill level 1 in Armour
  1603 | D:3      | Reached skill level 1 in Shields
  1603 | D:3      | Reached skill level 1 in Unarmed Combat
  1603 | D:3      | Reached skill level 1 in Evocations
  1603 | D:3      | Reached XP level 4. HP: 32/32 MP: 7/11
  1766 | D:3      | Found a sacrificial altar of Ru.
  1782 | D:3      | Became a worshipper of Ru the Awakened
  1881 | D:3      | Reached skill level 1 in Hexes
  1881 | D:3      | Reached skill level 1 in Charms
  1881 | D:3      | Reached skill level 1 in Summonings
  1881 | D:3      | Reached skill level 1 in Necromancy
  1881 | D:3      | Reached skill level 1 in Translocations
  1881 | D:3      | Reached skill level 1 in Transmutations
  1881 | D:3      | Reached skill level 1 in Fire Magic
  1881 | D:3      | Reached skill level 1 in Ice Magic
  1881 | D:3      | Reached skill level 1 in Earth Magic
  1881 | D:3      | Reached skill level 1 in Poison Magic
  1897 | D:3      | Noticed an earth elemental
  1898 | D:3      | Found a stormy altar of Qazlal.
  1955 | D:3      | Noticed a water elemental
  1958 | D:3      | Noticed a fire elemental
  1958 | D:3      | Noticed an air elemental
  2095 | D:3      | Reached XP level 5. HP: 37/37 MP: 2/12
  2754 | D:4      | Noticed Ijyb
  2765 | D:4      | Killed Ijyb
  2765 | D:4      | Reached XP level 6. HP: 44/44 MP: 2/13
  2816 | D:4      | Reached skill level 5 in Dodging
  2862 | D:4      | Found a staircase to the Ecumenical Temple.
  2871 | Temple   | Entered the Ecumenical Temple
  2952 | Temple   | Fell from the grace of Ru
  2952 | Temple   | Became a worshipper of Uskayaw the Reveler
  3124 | D:5      | Entered Level 5 of the Dungeon
  3200 | D:5      | Reached * piety under Uskayaw
  3210 | D:5      | Reached ** piety under Uskayaw
  3222 | D:5      | Noticed an ice beast
  3224 | D:5      | Reached XP level 7. HP: 50/50 MP: 10/15
  3261 | D:5      | Learned a level 2 spell: Swiftness
  3265 | D:5      | Learned a level 3 spell: Static Discharge
  3270 | D:5      | Learned a level 4 spell: Airstrike
  3409 | D:5      | Reached *** piety under Uskayaw
  3429 | D:5      | Reached **** piety under Uskayaw
  3528 | D:5      | Reached skill level 5 in Stealth
  3762 | D:6      | Found a transporter.
  3762 | D:6      | Noticed Ixiat's ghost (novice DsBe)
  3763 | D:6      | Found a transporter.
  3767 | D:6      | Reached XP level 8. HP: 57/57 MP: 16/16
  4243 | D:6      | Identified the +6 dire flail "Amue" {venom, MP+9}
  4243 | D:6      | Identified the +5 great mace "Mafy" {venom, rPois rN++
                  | Int-4 Dex+2}
  4243 | D:6      | Noticed a two-headed ogre
  4428 | D:6      | Found an iron altar of Okawaru.
  4429 | D:6      | Found an ancient bone altar of Kikubaaqudgha.
  4494 | D:6      | Reached ***** piety under Uskayaw
  4732 | D:6      | Noticed Sigmund
  4736 | D:6      | Killed Sigmund
  4736 | D:6      | Reached XP level 9. HP: 65/65 MP: 1/18
  5619 | D:7      | Noticed Prince Ribbit
  5677 | D:7      | Killed Prince Ribbit
  5677 | D:7      | Reached skill level 5 in Invocations
  5737 | D:7      | Reached XP level 10. HP: 63/73 MP: 16/20
  5869 | D:7      | Found Joriel's Weapon Shoppe.
  6266 | D:8      | Reached skill level 5 in Fighting
  6266 | D:8      | Reached skill level 5 in Short Blades
  6266 | D:8      | Reached skill level 5 in Long Blades
  6266 | D:8      | Reached skill level 5 in Axes
  6266 | D:8      | Reached skill level 5 in Maces & Flails
  6266 | D:8      | Reached skill level 5 in Polearms
  6266 | D:8      | Reached skill level 5 in Staves
  6266 | D:8      | Reached skill level 5 in Slings
  6266 | D:8      | Reached skill level 5 in Bows
  6266 | D:8      | Reached skill level 5 in Crossbows
  6266 | D:8      | Reached skill level 5 in Throwing
  6266 | D:8      | Reached skill level 5 in Armour
  6266 | D:8      | Reached skill level 5 in Shields
  6266 | D:8      | Reached skill level 5 in Unarmed Combat
  6266 | D:8      | Reached skill level 5 in Evocations
  6646 | D:9      | Found a runed translucent door.
  6882 | D:8      | Found a staircase to the Lair.
  6912 | D:8      | Noticed a gargoyle
  6931 | D:8      | Killed a gargoyle
  7106 | D:9      | Reached skill level 5 in Conjurations
  7110 | D:9      | Found a runed translucent door.
  7110 | D:9      | Noticed an orange crystal statue
  7111 | D:9      | Found the +10 large shield of Ignorance {rN+ Int-4}
  7189 | D:9      | Got a crude rapier
  7190 | D:9      | Identified the +1 rapier "Ylycev" {pierce, +Inv MP+9 Str-5
                  | Stlth+} (You found it on level 9 of the Dungeon)
  7206 | D:9      | Found a bloodstained altar of Trog.
  7218 | D:9      | Found a flagged portal.
  7934 | D:9      | Found a shimmering altar of Xom.
  8208 | D:8      | Reached XP level 11. HP: 68/81 MP: 17/22
  8338 | Lair:1   | Entered Level 1 of the Lair of Beasts
  8388 | Lair:1   | Reached skill level 5 in Hexes
  8388 | Lair:1   | Reached skill level 5 in Charms
  8388 | Lair:1   | Reached skill level 5 in Summonings
  8388 | Lair:1   | Reached skill level 5 in Necromancy
  8388 | Lair:1   | Reached skill level 5 in Translocations
  8388 | Lair:1   | Reached skill level 5 in Transmutations
  8388 | Lair:1   | Reached skill level 5 in Fire Magic
  8388 | Lair:1   | Reached skill level 5 in Ice Magic
  8388 | Lair:1   | Reached skill level 5 in Earth Magic
  8388 | Lair:1   | Reached skill level 5 in Poison Magic
  8396 | Lair:1   | Slain by an elephant

Levels and vault maps discovered:
D:1:      dpeg_arrival_erosion, layout_basic, hangedman_decor_riveting
D:2:      layout_rooms, old_standard_altar, first_ration
D:3:      layout_basic, nicolae_ru_awakened_eye,
          nicolae_qazlal_style_of_elements
D:4:      layout_basic, lemuel_temple_firewalk_b, serial_glass, glass_columns_b,
          glass_columns_a, uniq_ijyb
D:5:      layout_cave_pools
D:6:      layout_gridville, gammafunk_temple_overflow_statue,
          gammafunk_ghost_smash, hangedman_decor_peaks_small, uniq_sigmund
D:7:      layout_gridville, serial_shops, shop, grunt_livestock,
          uniq_prince_ribbit1
D:8:      layout_loops_corners, minmay_lair_entry_grove, uniq_pikel
D:9:      layout_roguey, trog_eyes_of_draining, kb_xom_exploding_sheep,
          enter_bailey_2, chequers_guarded_unrand_ignorance
Temple:   nicolae_temple_elliptical
Lair:1:   layout_regular_city, ebering_ghost_disaster_area, beast_lair_carwin_11

Skill      XL: |  1  2  3  4  5  6  7  8  9 10 11 |
---------------+----------------------------------+-----
Conjurations   | 2 3 4 5 |  5.5
Spellcasting   | 5 6 7 |  7.9
Invocations    | 1 2 3 4 5 6 |  6.6
Fighting       | 1 2 3 4 5 6 |  6.0
Short Blades   | 1 2 3 4 5 6 |  6.0
Long Blades    | 1 2 3 4 5 6 |  6.0
Axes           | 1 2 3 4 5 6 |  6.0
Maces & Flails | 1 2 3 4 5 6 |  6.0
Polearms       | 1 2 3 4 5 6 |  6.0
Staves         | 1 2 3 4 5 6 |  6.0
Slings         | 1 2 3 4 5 6 |  6.0
Bows           | 1 2 3 4 5 6 |  6.0
Crossbows      | 1 2 3 4 5 6 |  6.0
Throwing       | 1 2 3 4 5 6 |  6.0
Armour         | 1 2 3 4 5 6 |  6.0
Shields        | 1 2 3 4 5 6 |  6.0
Unarmed Combat | 1 2 3 4 5 6 |  6.0
Evocations     | 1 2 3 4 5 6 |  6.0
Hexes          | 1 2 3 4 5 |  5.0
Charms         | 1 2 3 4 5 |  5.0
Summonings     | 1 2 3 4 5 |  5.0
Necromancy     | 1 2 3 4 5 |  5.0
Translocations | 1 2 3 4 5 |  5.0
Transmutations | 1 2 3 4 5 |  5.0
Fire Magic     | 1 2 3 4 5 |  5.0
Ice Magic      | 1 2 3 4 5 |  5.0
Earth Magic    | 1 2 3 4 5 |  5.0
Poison Magic   | 1 2 3 4 5 |  5.0
Dodging        | 5 6 7 |  7.6
Stealth        | 5 6 7 |  7.4
Air Magic      | 6 7 |  7.5

Action                   |  1- 3 |  4- 6 |  7- 9 | 10-12 || total
-------------------------+-------+-------+-------+-------++-------
Melee: Short sword       |    25 |    22 |       |       ||    47
       Dagger            |     2 |     8 |   137 |    93 ||   240
       Bite              |     1 |       |    14 |    20 ||    35
       Punch             |       |     2 |     1 |     1 ||     4
       Unarmed           |       |       |       |    48 ||    48
       Flail             |       |       |       |    11 ||    11
Throw: Dart              |       |       |     3 |     5 ||     8
 Cast: Shock             |    48 |    88 |   127 |   152 ||   415
       Static Discharge  |       |       |     6 |     5 ||    11
       Airstrike         |       |       |    14 |     8 ||    22
Invok: Stomp             |       |       |     2 |       ||     2
       Line Pass         |       |       |       |     2 ||     2
  Use: Scroll            |       |       |     8 |     5 ||    13
 Stab: Sleeping          |     8 |     4 |     1 |     3 ||    16
       Paralysed         |       |       |    17 |    13 ||    30
       Invisible         |       |       |     1 |       ||     1
  Eat: Chunk             |     2 |     4 |     7 |     7 ||    20
       Ration            |       |       |     1 |     1 ||     2
Armor: Robe              |     6 |       |       |       ||     6
       Leather armour    |       |     9 |     1 |       ||    10
       Ring mail         |       |       |    62 |    71 ||   133
Dodge: Dodged            |    26 |    38 |   104 |   149 ||   317

Table legend:
 A = Non-vault XP
 B = Vault XP
 C = Vault XP percentage of total XP
 D = Non-vault monster count
 E = Vault monster count
 F = Vault count percentage of total count
                 A         B        C        D         E       F
            +---------+---------+-------+---------+---------+-------
      Total |    8715 |    3160 |  26.6 |     247 |      22 |   8.2
            +---------+---------+-------+---------+---------+-------
        D:1 |      46 |       0 |   0.0 |      25 |       0 |   0.0
        D:2 |      29 |       0 |   0.0 |      15 |       0 |   0.0
        D:3 |     130 |       0 |   0.0 |      28 |       0 |   0.0
        D:4 |     235 |      38 |  13.9 |      15 |       1 |   6.2
        D:5 |     614 |       0 |   0.0 |      23 |       0 |   0.0
        D:6 |    1062 |     227 |  17.6 |      36 |       1 |   2.7
        D:7 |    1493 |    1165 |  43.8 |      41 |       6 |  12.8
        D:8 |    1461 |    1364 |  48.3 |      30 |      11 |  26.8
        D:9 |    1472 |     366 |  19.9 |      29 |       3 |   9.4
     Lair:1 |    2173 |       0 |   0.0 |       5 |       0 |   0.0
            +---------+---------+-------+---------+---------+-------
